 Dungeon Crawl Stone Soup version 0.26-a0-1049-g242049e08c (webtiles) character file.

Game seed: 12709113672850475758

198 1994 the Vexing (level 5, -6/22 HPs)
             Began as a Felid Enchanter on Dec 12, 2020.
             Killed by divine providence
             ... invoked by an orc priest
              (12 damage)
             ... on level 3 of the Dungeon.
             The game lasted 00:22:20 (7051 turns).

1994 the Vexing (Felid Enchanter)                   Turns: 7051, Time: 00:22:21

Health: -6/22      AC:  1    Str:  4    XL:     5   Next: 47%
Magic:  1/10       EV: 19    Int: 17    God:
Gold:   156        SH:  0    Dex: 17    Spells: 1/10 levels left
                                        Lives:  0   Deaths: 1

rFire    . . .     SeeInvis +     - Unarmed
rCold    . . .     Faith    .   (shield unavailable)
rNeg     . . .     Spirit   .   (armour unavailable)
rPois    .         Reflect  .   (helmet unavailable)
rElec    .         Harm     .   (cloak unavailable)
rCorr    .         Rampage  .   (gloves unavailable)
Will     .....                  (boots unavailable)
Stlth    +++.......             (no amulet)
HPRegen  0.07/turn              (no ring)
MPRegen  0.12/turn              (no ring)

@: quick
A: very small, no armour, no weapons or thrown items, stealth, claws 1, fangs 3,
see invisible, speed 1, shaggy fur 1, sharp paws
a: no special abilities


You were on level 3 of the Dungeon.
You visited 1 branch of the dungeon, and saw 3 of its levels.

You collected 156 gold pieces.

Inventory:

Jewellery
 j - an uncursed ring of see invisible {unknown}
Wands
 l - a wand of disintegration (3)
Scrolls
 a - a scroll of fog {unknown}
 b - 5 scrolls of remove curse {unknown}
 c - 3 scrolls of teleportation {unknown}
 d - a scroll of magic mapping {unknown}
 f - 2 scrolls of identify {unknown}
 k - a scroll of blinking {unknown}
Potions
 e - a potion of heal wounds {unknown}
 g - a potion of haste {unknown}
 h - a potion of might {unknown}
 i - a potion of curing {unknown}


   Skills:
 - Level 1.0 Fighting
 - Level 3.4 Dodging
 - Level 4.3 Stealth
 + Level 2.2 Unarmed Combat
 * Level 3.2 Spellcasting
 * Level 6.7 Hexes
 - Level 2.0 Ice Magic


You had one spell level left.
You knew the following spells:

 Your Spells              Type           Power        Failure   Level
a - Corona                Hex            ####...      1%          1
b - Ensorcelled Hibernat  Hex/Ice        ###...       4%          2
c - Confusing Touch       Hex            ####....     3%          3
d - Tukima's Dance        Hex            ####....     3%          3

Your spell library contained the following spells:

 Spells                   Type           Power        Failure   Level
 Dazzling Flash           Conj/Hex       ##....       13%         3


Dungeon Overview and Level Annotations

Branches:
Dungeon (3/15)

Altars:


Innate Abilities, Weirdness & Mutations

You cannot wear armour.
You are incapable of wielding weapons or throwing items.
Your paws allow you to move quietly. (Stealth)
You have sharp claws.
You have razor-sharp teeth.
You have supernaturally acute eyesight. (SInv)
You cover ground quickly.
You are covered in fur. (AC +1)
Your sharp claws are effective at attacking unaware monsters.


Message History

Aiming: Ensorcelled Hibernation (safe; 4% risk of failure)
Press: ? - help, Shift-Dir - straight line, f/p - orc priest
Aim: an orc priest, wielding a +0 hand axe and wearing a +0 ring mail (chance to affect: 48%)
The orc priest resists with some effort.
The jackal bites you.
The orc priest hits you with a +0 hand axe.
* * * LOW HITPOINT WARNING * * *
Unknown command.
Unknown command.
The jackal misses you.
Unknown command.
Unknown command.
Unknown command.
Unknown command.
Unknown command.
Unknown command.
The orc priest calls down the wrath of Beogh upon you.
Beogh smites you!
Ouch! That really hurt!
You die...

#....<...# #.........#
#...((...# #.........#
.....#.(....## #.........#
.......o......#####.)......#
..........##..#.####.....#.#
############(.)..####...##.###
#o....<###.........
#..h........###.###
#.@....###### #.#
#.....#########.#
#.........^.....#
#################


You could see an orc priest and a jackal.

Vanquished Creatures
  An ice beast (D:2)
  An orc priest (D:2)
  Jessica (D:1)
  5 adders
  2 worms
  3 dart slugs
  A leopard gecko (D:2)
  6 orcs
  4 bats
  2 giant cockroaches
  19 goblins
  15 hobgoblins
  3 jackals
  4 kobolds
  A quokka (D:3)
  4 frilled lizards
  3 rats
75 creatures vanquished.

Vanquished Creatures (collateral kills)
  A goblin (D:3)
1 creature vanquished.

Grand Total: 76 creatures vanquished

Notes
Turn   | Place    | Note
-------+----------+-------------------------------------------
     0 | D:1      | 1994 the Felid Enchanter began the quest for the Orb.
     0 | D:1      | Reached XP level 1. HP: 7/7 MP: 4/4
   875 | D:2      | Noticed Jessica
   966 | D:2      | Reached XP level 2. HP: 6/12 MP: 3/6
   977 | D:2      | Learned a level 2 spell: Ensorcelled Hibernation
  1104 | D:1      | Killed Jessica
  1105 | D:1      | Reached skill level 5 in Hexes
  1105 | D:1      | Reached XP level 3. HP: 15/15 MP: 4/7
  1138 | D:1      | Learned a level 3 spell: Confusing Touch
  1165 | D:1      | Reached skill level 1 in Fighting
  1890 | D:2      | Reached skill level 1 in Ice Magic
  2592 | D:2      | Reached XP level 4. HP: 19/19 MP: 5/8
  4327 | D:3      | Noticed an ice beast
  4427 | D:2      | Reached XP level 5. HP: 22/22 MP: 6/9
  5166 | D:2      | Reached skill level 6 in Hexes
  5294 | D:2      | Slain by an ice beast
  5295 | D:2      | Reached XP level 4. HP: -1/19 MP: 9/9
  6553 | D:2      | Killed an ice beast
  6554 | D:2      | Reached XP level 5. HP: 8/22 MP: 3/10
  6829 | D:2      | Learned a level 3 spell: Tukima's Dance
  7051 | D:3      | Killed from afar by an orc priest

Illustrated notes

Levels and vault maps discovered:
D:1:      minmay_arrival_three_doors, layout_loops_ring, hex_large,
          kennysheep_flooded_box
D:2:      cheibrodos_greedy_goblins, layout_basic, minmay_tetromino_o2,
          uniq_jessica
D:3:      layout_loops_ring

Skill      XL: |  1  2  3  4  5 |
---------------+----------------+-----
Dodging        | 3 |  3.4
Hexes          | 5 6 |  6.7
Fighting       | 1 |  1.0
Ice Magic      | 1 2 |  2.0
Unarmed Combat | 2 |  2.2
Spellcasting   | 3 |  3.2
Stealth        | |  4.3

Action                   |  1- 3 |  4- 6 || total
-------------------------+-------+-------++-------
Melee: Unarmed           |    59 |   133 ||   192
       Bite              |     4 |    14 ||    18
       Punch             |     1 |     1 ||     2
 Cast: Corona            |    15 |     5 ||    20
       Ensorcelled Hiber |    17 |    50 ||    67
       Confusing Touch   |       |     5 ||     5
       Tukima's Dance    |       |     4 ||     4
Evoke: Wand              |       |     3 ||     3
  Use: Scroll            |       |     1 ||     1
 Stab: Sleeping          |    17 |    31 ||    48
       Confused          |       |     1 ||     1
Armor: Skin              |     4 |     5 ||     9
Dodge: Dodged            |    33 |   140 ||   173

Table legend: (Time is in decaauts)
 A = Elapsed time spent in this place.
 B = Non-inter-level travel time spent in this place.
 C = Inter-level travel time spent in this place.
 D = Time resting spent in this place.
 E = Time spent auto-exploring this place.
 F = Levels seen in this place.
 G = Mean time per level.
                   A        B        C        D        E       F      G
               +--------+--------+--------+--------+--------+-----+--------+
         Total |   6408 |   6148 |    260 |   3290 |   1363 |   3 | 2136.0 |
       Dungeon |   6408 |   6148 |    260 |   3290 |   1363 |   3 | 2136.0 |
               +--------+--------+--------+--------+--------+-----+--------+

Top non-repeatable levels by time:
     D:2: 3251 daAuts
     D:1: 2489 daAuts
     D:3: 666 daAuts
